 Dungeon Crawl Stone Soup version 0.22-a0-283-g1871b15 (webtiles) character file.

15270 varam the Nimble (level 11, -9/67 HPs)
             Began as a Deep Elf Fire Elementalist on Mar 18, 2018.
             Was an Elder of Yredelemnul.
             Mangled by a minotaur
             ... wielding the +9 lajatang "Hoaskargh" {flame, rF+}
              (13 damage)
             ... in a labyrinth.
             The game lasted 01:14:28 (13183 turns).

varam the Nimble (Deep Elf Fire Elementalist)      Turns: 13183, Time: 01:14:29

Health: -9/67      AC: 11    Str:  4    XL:     11   Next: 99%
Magic:  4/25       EV: 24    Int: 23    God:    Yredelemnul [****..]
Gold:   240        SH:  0    Dex: 31    Spells: 12/26 levels left

rFire    . . .     SeeInvis .   w - +1 broad axe (chop)
rCold    . . .     Gourm    .   (no shield)
rNeg     + + .     Faith    .   i - +0 robe "Izxeon" {*Drain rN+ Dex+6 Stlth-}
rPois    +         Spirit   .   M - +2 hat
rElec    .         Reflect  .   r - +2 cloak
rCorr    .         Harm     +   N - +2 pair of gloves {Dex+3}
MR       +....                  e - +0 pair of boots
Stlth    ++........             C - amulet of harm
HPRegen  0.21/turn              y - ring of poison resistance
MPRegen  0.19/turn              b - ring of Autumn {rN+ Dex+7}

@: very slightly contaminated, hasted, studying Crossbows, very quick
A: weak 1
a: Recall Undead Slaves, Injury Mirror, Animate Dead, Drain Life, Renounce
Religion


You were in a labyrinth.
You worshipped Yredelemnul.
Yredelemnul was greatly pleased with you.
You were not hungry.

You visited 2 branches of the dungeon, and saw 15 of its levels.
You also visited: Labyrinth.

You collected 750 gold pieces.
You spent 510 gold pieces at shops.

Inventory:

Hand Weapons
 w - a +1 broad axe of chopping (weapon)
 E - a +2 dagger of venom
 Q - the +1 trident of Distant Shores {freeze, +Inv Str+6 Dex-5}
   (You found it on level 10 of the Dungeon)

   It has been specially enchanted to freeze those struck by it, causing extra
   injury to most foes and up to half again as much damage against particularly
   susceptible opponents.
   It can also slow down cold-blooded creatures.
   It affects your strength (+6).
   It affects your dexterity (-5).
   It lets you turn invisible.
Missiles
 j - 4 throwing nets (quivered)
Armour
 e - a +0 pair of boots (worn)
 i - the +0 robe "Izxeon" (worn) {*Drain rN+ Dex+6 Stlth-}
   (You bought it in a shop on level 9 of the Dungeon)

   It affects your dexterity (+6).
   It protects you from negative energy.
   It causes draining when unequipped.
   It makes you less stealthy.
 r - a +2 cloak (worn)
 B - a +2 robe of fire resistance
 K - a +0 cloak
 M - a +2 hat (worn)
 N - a +2 pair of gloves of dexterity (worn)
Jewellery
 b - the ring of Autumn (right hand) {rN+ Dex+7}
   (You found it on level 1 of the Lair of Beasts)

   [ring of positive energy]

   It affects your dexterity (+7).
   It protects you from negative energy.
 y - a ring of poison resistance (left hand)
 A - an uncursed ring of see invisible
 C - an amulet of harm (around neck)
Wands
 o - a wand of random effects (26)
 u - a wand of flame (42)
 F - a wand of iceblast (16)
 I - a wand of acid (8)
 J - a wand of paralysis (7)
Scrolls
 f - 4 scrolls of remove curse
 h - a scroll of brand weapon
 m - a scroll of enchant armour
 n - a scroll of fear
 x - a scroll of noise {unknown}
 z - 3 scrolls of immolation
 D - 4 scrolls of amnesia
Potions
 a - a potion of resistance {unknown}
 d - 2 potions of ambrosia
 l - a potion of brilliance {unknown}
 p - 2 potions of flight
 t - a potion of lignification {unknown}
 v - a potion of might {unknown}
 G - a potion of agility
 H - a potion of invisibility {unknown}
 L - 5 potions of curing
Books
 q - a manual of Crossbows
Comestibles
 c - 16 rations


   Skills:
 - Level 7.1 Fighting
 + Level 2.8 Axes
 - Level 10.5 Dodging
 - Level 2.6 Stealth
 + Level 8.3 Spellcasting
 * Level 9.2 Conjurations
 * Level 9.7 Fire Magic
 - Level 7.8 Invocations


You had 12 spell levels left.
You knew the following spells:

 Your Spells              Type           Power        Failure   Level  Hunger
a - Flame Tongue          Conj/Fire      #####        1%          1    None
b - Conjure Flame         Conj/Fire      ######..     1%          3    None
c - Sticky Flame          Conj/Fire      ######..     1%          4    ##.....
d - Confusing Touch       Hex            #.....       7%          1    None
e - Fireball              Conj/Fire      ######....   3%          5    #####..


Dungeon Overview and Level Annotations

Branches:
Dungeon (13/15)            Temple (0/1) D:5            Lair (2/6) D:10
 Spider (0/4) Lair:2          Orc (0/2) D:11
  Swamp: Lair:2-4    Shoals: Lair:2-4    Vaults: D:13-14

Altars:
Cheibriados
Dithmenos
Elyvilon
Fedhas
Gozag
Kikubaaqudgha
Makhleb
Nemelex Xobeh
Sif Muna
Trog
Uskayaw
Wu Jian
Yredelemnul
The Shining One

Shops:
D:9 (*:*[   D:11 [((


Innate Abilities, Weirdness & Mutations

You are weak. (Str -2)


Message History

You feel much better.
You feel yourself speed up.
You feel much better.
Casting: Fireball (safe; 3% risk of failure)
Confirm with . or Enter, or press ? or * to list all spells.
Okay, then.
Casting: Fireball (safe; 3% risk of failure)
Confirm with . or Enter, or press ? or * to list all spells.
Aiming: Sticky Flame (safe; 1% risk of failure)
Press: ? - help, Shift-Dir - straight line, f - minotaur
Aim: a minotaur, wielding a steaming lajatang {flame}, wearing a chain mail and wearing an amulet of rage (heavily wounded, berserk, fast, unusually strong)
The sticky flame hits the minotaur.
The minotaur resists.
The minotaur is heavily wounded.
The minotaur is covered in liquid flames!
The minotaur hits you with a steaming lajatang {flame}!!!
Ouch! That really hurt!
* * * LOW HITPOINT WARNING * * *
The minotaur burns you!
You die...
Your body rises from the dead as a mindless zombie.

. #. . .. .. # ##
#.#..## ### #. ..#
≈≈ # # #..# ≈ .# .
..# H. ###.######.#
## #.. #... ..# ..
###.#####.##.###'##
. #
#.........H@.(.....
.
#####.#########..##
## .. ... # # .## #
# #


You could see a minotaur (berserk).

Vanquished Creatures
  2 two-headed ogres
  An unseen horror (D:11)
  Pikel (D:4)
  2 cyclopes
  A centaur zombie (D:12)
  Maurice (D:8)
  A gargoyle (D:12)
  A spiny frog (Lair:1)
  2 trolls
  Grinder (D:5)
  3 blink frogs (Lair:1)
  A hornet (D:12)
  Prince Ribbit (D:5)
  Sigmund (D:5)
  A human (D:7)
  A wyvern (D:9)
  9 yaks (Lair:1)
  4 hogs (D:7)
  A hungry ghost (D:10)
  Menkaure (D:5)
  2 water moccasins (Lair:1)
  Duvessa (D:7)
  A porcupine (Lair:1)
  11 orc warriors
  3 sky beasts
  2 ice beasts (D:9)
  A black bear (D:10)
  2 phantoms
  A necrophage (D:10)
  2 slaves (D:4)
  An eye of draining (D:10)
  4 ogres
  5 centaurs
  2 big kobolds
  A gnoll sergeant (D:12)
  5 bullfrogs
  Dowan (D:7)
  2 scorpions
  9 killer bees
  4 wights (D:6)
  An electric eel (Lair:1)
  5 howler monkeys
  A crimson imp (D:12)
  2 lava snakes (D:9)
  A jelly (D:8)
  4 bullfrog skeletons
  15 orc wizards
  5 orc priests
  2 centaur skeletons (D:12)
  3 hounds
  Ijyb (D:3)
  3 iguanas
  9 worker ants
  A porcupine skeleton (Lair:1)
  A hound skeleton (D:6)
  A worker ant zombie (D:5)
  10 gnolls
  6 adders
  4 shadow imps
  An ooze (D:3)
  An adder skeleton (D:6)
  2 worms
  4 dart slugs
  5 leopard geckos
  41 orcs
  8 bats
  5 giant cockroaches
  5 goblins (D:1)
  6 hobgoblins
  8 jackals
  3 quokkas
  4 ball pythons
  3 frilled lizards
  A giant cockroach zombie (D:6)
  16 kobolds
  A leopard gecko zombie (D:5)
  7 rats
292 creatures vanquished.

Vanquished Creatures (collateral kills)
  A spiny frog (Lair:1)
  2 hippogriffs
  2 yaks (Lair:1)
  A bullfrog (D:10)
  4 killer bees (D:9)
  An iguana (D:11)
  A worker ant (D:11)
  An adder (D:9)
  3 orcs
  2 kobolds (D:10)
  A fungus (D:10)
19 creatures vanquished.

Vanquished Creatures (others)
  A cyclops zombie (D:12)
  A troll zombie (D:9)
  A wight (D:11)
  A crimson imp (D:12)
  An orc wizard (D:9)
  A killer bee zombie (D:9)
  A necrophage skeleton (D:10)
  A hound zombie (D:10)
  A mummy (D:12)
  2 orc zombies
  An adder zombie (D:10)
  3 orc skeletons (D:10)
  2 kobold zombies (D:10)
  4 fungi
  11 plants
32 creatures vanquished.

Grand Total: 343 creatures vanquished

Notes
Turn   | Place    | Note
-------+----------+-------------------------------------------
     0 | D:1      | varam the Deep Elf Fire Elementalist began the quest for the Orb.
     0 | D:1      | Reached XP level 1. HP: 10/10 MP: 6/6
   149 | D:1      | Reached XP level 2. HP: 14/15 MP: 1/8
   414 | D:1      | Reached skill level 2 in Conjurations
   620 | D:1      | Reached XP level 3. HP: 19/19 MP: 6/9
   820 | D:1      | Reached skill level 4 in Fire Magic
  1060 | D:1      | Learned a level 3 spell: Conjure Flame
  1101 | D:2      | Found the cursed necklace of Bloodlust {*Rage +Rage MR++ Int-3 Slay+6 *Curse}
  1242 | D:2      | Learned a level 1 spell: Confusing Touch
  1416 | D:2      | Found a bloodstained altar of Trog.
  1613 | D:3      | Reached XP level 4. HP: 22/24 MP: 2/10
  1727 | D:3      | Reached skill level 3 in Conjurations
  1733 | D:3      | Learned a level 4 spell: Sticky Flame
  1861 | D:3      | Noticed Ijyb
  1926 | D:3      | Found a white marble altar of Elyvilon.
  2011 | D:3      | Killed Ijyb
  2265 | D:3      | Found a basalt altar of Yredelemnul.
  2321 | D:3      | Became a worshipper of Yredelemnul the Dark
  2350 | D:3      | Found a snail-covered altar of Cheibriados.
  2701 | D:4      | Noticed an ogre
  2856 | D:4      | Found a blossoming altar of Fedhas.
  2861 | D:4      | Reached skill level 5 in Fire Magic
  2861 | D:4      | Reached XP level 5. HP: 28/28 MP: 8/11
  2970 | D:4      | Killed an ogre
  2970 | D:4      | Reached skill level 4 in Conjurations
  3178 | D:4      | Noticed Pikel
  3178 | D:4      | Noticed a slave
  3178 | D:4      | Noticed a slave
  3178 | D:4      | Noticed a slave
  3202 | D:4      | Killed a slave
  3203 | D:4      | Killed a slave
  3290 | D:4      | Found an ancient bone altar of Kikubaaqudgha.
  3296 | D:4      | Found an opulent altar of Gozag.
  3301 | D:4      | Found a sparkling altar of Nemelex Xobeh.
  3347 | D:4      | Noticed a slave
  3347 | D:4      | Killed Pikel
  3347 | D:4      | Reached skill level 6 in Conjurations
  3347 | D:4      | Reached skill level 7 in Fire Magic
  3347 | D:4      | Reached XP level 6. HP: 28/32 MP: 1/12
  3347 | D:4      | Reached XP level 7. HP: 31/36 MP: 1/13
  3424 | D:5      | Entered Level 5 of the Dungeon
  3424 | D:5      | Noticed Menkaure
  3605 | D:5      | Found a hide-covered altar of Uskayaw.
  3654 | D:5      | Noticed Grinder
  4101 | D:5      | Killed Menkaure
  4101 | D:5      | Reached skill level 7 in Conjurations
  4101 | D:5      | Reached XP level 8. HP: 25/41 MP: 8/14
  4197 | D:5      | Reached skill level 8 in Fire Magic
  4229 | D:5      | Reached * piety under Yredelemnul
  4860 | D:6      | Reached skill level 4 in Spellcasting
  4870 | D:6      | Learned a level 5 spell: Fireball
  5017 | D:6      | Reached skill level 5 in Spellcasting
  5026 | D:6      | Reached skill level 6 in Spellcasting
  5244 | D:5      | Killed Grinder
  5244 | D:5      | Reached skill level 1 in Fighting
  5244 | D:5      | Reached skill level 3 in Dodging
  5487 | D:5      | Noticed Sigmund
  5551 | D:5      | Killed Sigmund
  5551 | D:5      | Reached skill level 2 in Fighting
  5551 | D:5      | Reached skill level 4 in Dodging
  5551 | D:5      | Reached XP level 9. HP: 44/48 MP: 11/20
  5823 | D:6      | Reached skill level 5 in Dodging
  5915 | D:6      | Found a deep blue altar of Sif Muna.
  5944 | D:6      | Found a glowing golden altar of the Shining One.
  6193 | D:5      | Found a staircase to the Ecumenical Temple.
  6294 | D:5      | Noticed Prince Ribbit
  6593 | D:7      | Reached skill level 3 in Fighting
  6786 | D:7      | Noticed Duvessa
  6802 | D:7      | Killed Duvessa
  6900 | D:7      | Noticed Dowan
  6902 | D:7      | Killed Dowan
  6902 | D:7      | Reached skill level 6 in Dodging
  7039 | D:8      | Noticed Maurice
  7043 | D:8      | Killed Maurice
  7043 | D:8      | Reached skill level 1 in Invocations
  7184 | D:7      | Reached skill level 4 in Fighting
  7185 | D:7      | Reached skill level 2 in Invocations
  7299 | D:7      | Reached skill level 7 in Dodging
  7299 | D:7      | Reached skill level 3 in Invocations
  7300 | D:7      | Reached ** piety under Yredelemnul
  7425 | D:7      | Reached XP level 10. HP: 58/58 MP: 14/21
  7637 | D:5      | Killed Prince Ribbit
  7637 | D:5      | Reached skill level 4 in Invocations
  7645 | D:5      | Reached skill level 5 in Fighting
  7814 | D:8      | Noticed a two-headed ogre
  7990 | D:8      | Killed a two-headed ogre
  7990 | D:8      | Reached skill level 8 in Dodging
  7990 | D:8      | Reached skill level 5 in Invocations
  8302 | D:8      | Found a burning altar of Makhleb.
  8580 | D:9      | Found Icoijot's Antique Armour Shop.
  8586 | D:9      | Bought a pair of runed gloves for 127 gold pieces
  8657 | D:9      | Found Kena's Assorted Antiques.
  8676 | D:9      | Bought a silken robe for 188 gold pieces
  8681 | D:9      | Reached skill level 9 in Dodging
  8693 | D:9      | Found a shadowy altar of Dithmenos.
  8703 | D:9      | Found Paik's Assorted Antiques.
  8815 | D:9      | Reached *** piety under Yredelemnul
  8825 | D:9      | Found an ornate altar of the Wu Jian Council.
  8880 | D:9      | Found Ystetola's Book Shop.
  8890 | D:9      | Reached skill level 6 in Fighting
  8890 | D:9      | Reached skill level 6 in Invocations
  8950 | D:9      | Found Seorph's Antique Weapon Boutique.
  9244 | D:10     | Entered Level 10 of the Dungeon
  9684 | D:10     | Reached skill level 8 in Conjurations
  9838 | D:10     | Reached XP level 11. HP: 66/66 MP: 14/22
 10255 | D:10     | Found a staircase to the Lair.
 10267 | D:10     | Got a dazzling trident
 10268 | D:10     | Identified the +1 trident of Distant Shores {freeze, +Inv Str+6 Dex-5} (You found it on level 10 of the Dungeon)
 10415 | D:11     | Found Esip's Weapon Shoppe.
 10441 | D:11     | Bought a +1 broad axe of chopping for 195 gold pieces
 10451 | D:11     | Identified the +0 robe "Izxeon" {*Drain rN+ Dex+6 Stlth-} (You bought it in a shop on level 9 of the Dungeon)
 10498 | D:11     | Found Toatem's Weapon Boutique.
 10500 | D:11     | Reached **** piety under Yredelemnul
 10500 | D:11     | Reached skill level 7 in Invocations
 10501 | D:11     | Received a gift from Yredelemnul (a wight)
 10505 | D:11     | Found a staircase to the Orcish Mines.
 10505 | D:11     | Found Leziliepn's Armour Boutique.
 10568 | D:11     | Found a sparkling altar of Nemelex Xobeh.
 11069 | D:11     | Reached skill level 7 in Spellcasting
 11098 | D:11     | Noticed an unseen horror
 11100 | D:11     | Killed an unseen horror
 11100 | D:11     | Reached skill level 1 in Axes
 11100 | D:11     | Reached skill level 10 in Dodging
 11199 | D:12     | Reached skill level 9 in Fire Magic
 11245 | D:12     | Received a gift from Yredelemnul (a mummy)
 11255 | D:12     | Noticed a two-headed ogre
 11470 | D:12     | Killed a two-headed ogre
 11577 | D:11     | Gained mutation: You are weak. (Str -2) [mutagenic glow]
 11934 | D:12     | Reached skill level 2 in Axes
 12139 | Lair:1   | Entered Level 1 of the Lair of Beasts
 12168 | Lair:1   | Got a flickering granite ring
 12170 | Lair:1   | Identified the ring of Autumn {rN+ Dex+7} (You found it on level 1 of the Lair of Beasts)
 12186 | Lair:1   | Reached skill level 7 in Fighting
 12517 | Lair:1   | Reached skill level 8 in Spellcasting
 12534 | Lair:1   | Reached skill level 9 in Conjurations
 12625 | Lair:1   | Received a gift from Yredelemnul (a wight)
 12888 | Lair:2   | Found a labyrinth entrance.
 12914 | Lab      | Entered a labyrinth
 13159 | Lab      | Noticed a minotaur
 13177 | Lab      | HP: 6/67 [minotaur/steaming lajatang {flame} (7)]
 13183 | Lab      | HP: 4/67 [minotaur/steaming lajatang {flame} (61)]
 13183 | Lab      | Identified the +9 lajatang "Hoaskargh" {flame, rF+}
 13183 | Lab      | Mangled by a minotaur

Vault maps used:
D:1:      scummos_arrival_hexagon
D:2:      lemuel_round_altar, lemuel_flame_loot_1
D:3:      lemuel_crystal_altar, lemuel_coloured_pillars_altar, first_ration,
          kennysheep_slug_shrine, uniq_ijyb
D:4:      fedhas_altar_2, minmay_overflow_temple_star_quad, uniq_pikel
D:5:      nicolae_overflow_crystal_walls, minmay_temple_entry_enclosed_plants,
          uniq_prince_ribbit1, uniq_sigmund, uniq_grinder, uniq_menkaure
D:6:      kennysheep_orc_sif_temple, tso_altar
D:7:      grunt_livestock, uniq_duvessa
D:8:      kennysheep_little_box, eino_curves_03, uniq_maurice
D:9:      nicolae_dithmenos_the_darkroom, kennysheep_mini, serial_shops, shop,
          nicolae_shop_statue_plus, shop, shop, shop
D:10:     grunt_lair_entry_orc_guard_hut, kennysheep_nub
D:11:     orc_david_3, serial_shops, nicolae_shop_stone, basic_altar,
          kennysheep_generic_room_10
D:13:     grunt_vaults_entry_fortified
Lair:1:   serial_bayou_shore_a, grunt_megastairs_1
Lair:2:   dummy_spider_entry, lab_entry_generic
Lab:      labyrinth_watery

Skill      XL: |  1  2  3  4  5  6  7  8  9 10 11 |
---------------+----------------------------------+-----
Conjurations   | 2 3 6 7 8 9 |  9.2
Fire Magic     | 4 5 7 8 9 |  9.7
Spellcasting   | 6 8 |  8.3
Fighting       | 2 4 6 7 |  7.1
Dodging        | 4 7 9 10 | 10.5
Invocations    | 3 6 7 |  7.8
Axes           | 2 |  2.8
Stealth        | |  2.6

Action                   |  1- 3 |  4- 6 |  7- 9 | 10-12 || total
-------------------------+-------+-------+-------+-------++-------
Melee: Unarmed           |     1 |     4 |       |       ||     5
       Spear             |       |    18 |       |       ||    18
       Whip              |       |       |    72 |       ||    72
       War axe           |       |       |    39 |     3 ||    42
       Dagger            |       |       |       |    49 ||    49
       Broad axe         |       |       |       |    51 ||    51
       Trident           |       |       |       |     6 ||     6
 Cast: Flame Tongue      |    87 |    67 |   123 |   194 ||   471
       Conjure Flame     |       |     2 |     5 |     4 ||    11
       Confusing Touch   |       |     1 |     6 |       ||     7
       Sticky Flame      |       |     2 |    31 |    41 ||    74
       Fireball          |       |       |     9 |    35 ||    44
Invok: Animate Dead      |       |       |       |    13 ||    13
       Animate Remains   |       |       |       |     2 ||     2
       Recall Undead Sla |       |       |       |     5 ||     5
 Abil: Evoke Invisibilit |       |       |       |     4 ||     4
Evoke: Wand              |       |       |     5 |     3 ||     8
  Use: Scroll            |       |       |     7 |    15 ||    22
       Potion            |       |       |     1 |     3 ||     4
 Stab: Distracted        |       |       |       |     4 ||     4
  Eat: Chunk             |     2 |     5 |    17 |    15 ||    39
       Ration            |       |       |     1 |     7 ||     8
Armor: Robe              |    14 |     8 |    38 |    66 ||   126
Dodge: Dodged            |    30 |    37 |   124 |   274 ||   465

Table legend:
 A = Spawn XP
 B = Non-spawn XP
 C = Spawn XP percentage of total XP
 D = Spawn monster count
 E = Non-spawn monster count
 F = Spawn count percentage of total count
 G = Total turns spent on level
                    A         B        C        D         E        F      G
               +---------+---------+-------+---------+---------+-------+---------
         Total |       0 |   21815 |   0.0 |       0 |     307 |   0.0 | 13183
               +---------+---------+-------+---------+---------+-------+---------
           D:1 |       0 |      58 |   0.0 |       0 |      31 |   0.0 |  1078
           D:2 |       0 |      19 |   0.0 |       0 |      10 |   0.0 |   466
           D:3 |       0 |     115 |   0.0 |       0 |      27 |   0.0 |  1198
           D:4 |       0 |     779 |   0.0 |       0 |       5 |   0.0 |   832
           D:5 |       0 |    1362 |   0.0 |       0 |      25 |   0.0 |  1418
           D:6 |       0 |    1236 |   0.0 |       0 |      29 |   0.0 |  1407
           D:7 |       0 |    2063 |   0.0 |       0 |      24 |   0.0 |  1536
           D:8 |       0 |    2288 |   0.0 |       0 |      23 |   0.0 |   731
           D:9 |       0 |    1601 |   0.0 |       0 |      30 |   0.0 |   650
          D:10 |       0 |    2099 |   0.0 |       0 |      38 |   0.0 |  1240
          D:11 |       0 |    2208 |   0.0 |       0 |      23 |   0.0 |   959
          D:12 |       0 |    3564 |   0.0 |       0 |      20 |   0.0 |   598
          D:13 |       0 |     307 |   0.0 |       0 |       1 |   0.0 |   146
        Lair:1 |       0 |    3928 |   0.0 |       0 |      20 |   0.0 |   612
        Lair:2 |       0 |     188 |   0.0 |       0 |       1 |   0.0 |    43
               +---------+---------+-------+---------+---------+-------+---------
